 Dungeon Crawl Stone Soup version 0.32-a0-868-g153ae1a8d6 (webtiles) character file.

Game seed: 17204336669283450649

196 Frost42 the Chopper (level 5, -3/47 HPs)
             Began as a Mountain Dwarf Berserker on Mar 28, 2024.
             Was a Priest of Trog.
             Slain by a bullfrog (5 damage)
             ... in a sewer.
             The game lasted 00:09:00 (2339 turns).

Frost42 the Chopper (Mountain Dwarf Berserker)      Turns: 2339, Time: 00:09:00

Health: -3/47      AC:  6    Str: 20    XL:     5   Next: 45%
Magic:  5/5        EV: 10    Int:  7    God:    Trog [***...]
Gold:   170        SH:  0    Dex: 13    Spells: 4/4 levels left

rFire   + + .        a - +1 hand axe
rCold   + . .        (no shield)
rNeg    . . .        l - +0 ring mail
rPois   +            (helmet restricted)
rElec   +            (no cloak)
rCorr   +            (no gloves)
SInv    .            c - +0 pair of boots
Will    +....        (no amulet)
Stlth   +            (no ring)
HPRegen 0.27/turn    (no ring)
MPRegen 0.09/turn

%: no passive effects
@: resistant, enlightened, flying
A: runic magic, artefact enchanting, antennae 1, agile 1, fire resistance 1
a: Renounce Religion, Berserk, Trog's Hand


You were in a sewer.
You worshipped Trog.
Trog was most pleased with you.
You visited 1 branch of the dungeon, and saw 3 of its levels.
You also visited: Sewer.

You collected 170 gold pieces.

Inventory:

Hand Weapons
 a - a +1 hand axe (weapon)
 k - a +0 dagger of venom
Missiles
 d - 4 stones (quivered)
Armour
 c - a +0 pair of boots (worn)
 l - a +0 ring mail (worn)
Potions
 b - a potion of haste {unknown}
 e - a potion of brilliance {unknown}
 f - a potion of enlightenment
 m - 2 potions of degeneration {unknown}
 o - a potion of mutation


   Skills:
 + Level 4.4 Fighting
 + Level 5.5 Axes
 + Level 3.2 Armour
 + Level 2.1 Dodging
 + Level 0.1 Stealth


You had 4 spell levels left.
You didn't know any spells.
Your spell library was empty.

Dungeon Overview and Level Annotations

Branches:
Dungeon (3/15)              Sewer (1/1)

Altars:
Makhleb


Innate Abilities, Weirdness & Mutations

Your spellcasting is much less encumbered by armour.
You can use scrolls of enchantment on lesser artefacts.
You have a pair of small antennae on your head.
You are agile. (Dex +4, Str/Int -1)
Your flesh is heat resistant. (rF+)


Message History

The bullfrog closely misses you. The bullfrog hits you.
* * * LOW HITPOINT WARNING * * *
The giant cockroach splashes around in the water.
The bullfrog hits you but does no damage.
The bullfrog barely misses you.
You barely miss the giant cockroach. You hit the bullfrog.
You barely miss the bullfrog.
The giant cockroach splashes around in the water.
The bullfrog closely misses you.
The bullfrog hits you but does no damage.
You hit the giant cockroach.
The giant cockroach is moderately wounded.
You hit the bullfrog but do no damage. You barely miss the bullfrog.
The bullfrog barely misses you. x2
The giant cockroach bites you but does no damage.
The bullfrog hits you.
* * * LOW HITPOINT WARNING * * *
The bullfrog barely misses you. The giant cockroach closely misses you.
You completely miss the giant cockroach.
The giant cockroach is moderately wounded.
You hit the bullfrog. You closely miss the bullfrog.
The bullfrog hits you but does no damage. x2
The giant cockroach bites you but does no damage.
Your unstable footing causes you to fumble your attack.
The bullfrog hits you but does no damage.
The bullfrog hits you.
* * * LOW HITPOINT WARNING * * *
The giant cockroach splashes around in the water.
The bullfrog closely misses you. The bullfrog hits you.
* * * LOW HITPOINT WARNING * * *
As you read the scroll labelled EPSOEWY DEDD, it crumbles to dust.
It is a scroll of enchant weapon.
Your +0 hand axe glows red for a moment.
The bullfrog hits you but does no damage. x2
The giant cockroach barely misses you.
Unknown command.
It was a potion of enlightenment.
You feel very buoyant.
You fly up into the air.
The bullfrog hits you.
You die...

##........÷...............~
#..~~~~~~~~~÷~~~~~~~~~~~~~~
#.~~≈≈≈≈≈≈≈≈≈≈≈≈≈≈≈≈≈≈≈≈≈≈≈
#.~≈≈~~~~≈≈≈~~≈~~~~~~~~~~~~
#.~≈~~..~~~~≈≈~≈~~.........
#.~≈~.~≈≈≈≈≈~~≈≈≈≈≈≈≈~#####
#~~≈~.~≈≈≈≈≈≈≈≈≈≈≈≈≈~≈≈≈#
#~~≈~~~≈≈≈≈~~.~≈≈≈≈≈≈~≈≈#
#~~≈~~~≈≈≈@B~~~~~≈≈≈≈≈≈≈≈#
#~~≈~~≈≈≈FF≈.~~.:~≈≈≈≈≈≈≈#
#~~≈~~~≈~≈≈~.~.?[[.≈≈≈≈≈≈#
#~÷≈~≈≈~≈≈~~~.~?(.~~≈≈≈≈≈#
#~~≈≈≈≈≈≈≈...~≈≈.~~≈≈≈≈≈≈#
#.~≈≈≈#≈≈~~∩~≈≈≈≈≈
#.~≈≈≈##≈≈≈~≈≈≈≈≈≈
#.~≈≈≈####≈≈≈≈≈≈≈≈ #.~≈≈~#
###≈≈≈≈


You could see 2 bullfrogs and a giant cockroach.

Vanquished Creatures
  A jelly (D:2)
  Terence (D:3)
  3 adders
  7 dart slugs
  4 ribbon worms
  5 orcs (D:3)
  5 endoplasms
  15 giant cockroaches
  4 hobgoblins (D:1)
  6 jackals (D:1)
  3 quokkas (D:1)
  8 ball pythons
  3 bats
  11 frilled lizards
  2 goblins (D:1)
  5 kobolds
  7 rats
90 creatures vanquished.

Notes
Turn   | Place    | Note
-------+----------+-------------------------------------------
     0 | D:1      | Frost42 the Mountain Dwarf Berserker began the quest for
                  | the Orb.
     0 | D:1      | Reached XP level 1. HP: 19/19 MP: 1/1
    88 | D:1      | Reached XP level 2. HP: 11/26 MP: 2/2
   262 | D:1      | Reached skill level 4 in Axes
   424 | D:1      | Reached ** piety under Trog
   553 | D:1      | Reached XP level 3. HP: 27/33 MP: 3/3
   876 | D:1      | Gained mutation: Your muscles are strong. (Str +4, Int/Dex
                  | -1) [potion of mutation]
   876 | D:1      | Gained mutation: You occasionally lose the ability to read
                  | scrolls when taking damage. [potion of mutation]
   877 | D:1      | Lost mutation: You occasionally lose the ability to read
                  | scrolls when taking damage. [potion of mutation]
   877 | D:1      | Lost mutation: Your muscles are strong. (Str +4, Int/Dex
                  | -1) [potion of mutation]
   877 | D:1      | Gained mutation: You are agile. (Dex +4, Str/Int -1)
                  | [potion of mutation]
   877 | D:1      | Gained mutation: Your flesh is heat resistant. (rF+)
                  | [potion of mutation]
   877 | D:1      | Gained mutation: You have a pair of small antennae on your
                  | head. [potion of mutation]
   881 | D:1      | You fall into a shaft and drop 1 floor!
   885 | D:2      | Found a faded altar of an unknown god.
  1525 | D:2      | Reached XP level 4. HP: 38/40 MP: 4/4
  1665 | D:3      | Reached skill level 5 in Axes
  1692 | D:3      | Noticed Terence
  1727 | D:3      | Killed Terence
  1800 | D:3      | Found a burning altar of Makhleb.
  1800 | D:3      | Noticed a green death
  1967 | D:3      | Found a glowing drain.
  1976 | D:3      | Reached XP level 5. HP: 40/46 MP: 5/5
  1987 | Sewer    | Entered a sewer
  2020 | Sewer    | Reached *** piety under Trog
  2337 | Sewer    | HP: 1/47 [bullfrog (5)]
  2339 | Sewer    | Slain by a bullfrog

Illustrated notes

Levels and vault maps discovered:
D:1:      ncdulo_halloftheorcs, layout_basic
D:2:      layout_loops_ring, hellmonk_ecumenical_altar_run_dry,
          kennysheep_generic_room_13
D:3:      layout_basic, nzn_wu_jian_council_hall, makhleb_altar_promises_db,
          portal_sewer_entry_a, feat_on_display, uniq_terence
Sewer:    sewer_frog_island_01

Skill      XL: |  1  2  3  4  5 |
---------------+----------------+-----
Axes           | 4 5 |  5.5
Fighting       | 4 |  4.4
Armour         | 3 |  3.2
Dodging        | 2 |  2.1
Stealth        | |  0.1

Action                     |  1- 3 |  4- 6 || total
---------------------------+-------+-------++-------
  Melee: Hand axe          |   170 |   193 ||   363
  Throw: Stone             |       |    17 ||    17
    Use: Scroll            |     4 |     3 ||     7
         Potion            |     3 |     3 ||     6
 Armour: Animal skin       |    72 |       ||    72
         Ring mail         |    48 |   203 ||   251
  Dodge: Dodged            |   113 |   165 ||   278

Table legend: (Time is in decaauts)
 A = Elapsed time spent in this place.
 B = Non-inter-level travel time spent in this place.
 C = Inter-level travel time spent in this place.
 D = Time resting spent in this place.
 E = Time spent auto-exploring this place.
 F = Levels seen in this place.
 G = Mean time per level.
                   A        B        C        D        E       F      G
               +--------+--------+--------+--------+--------+-----+--------+
         Total |   2439 |   2332 |    107 |     52 |    588 |   4 |  609.8 |
       Dungeon |   2005 |   1898 |    107 |     52 |    588 |   3 |  668.3 |
         Sewer |    434 |    434 |      0 |      0 |      0 |   1 |  434.0 |
               +--------+--------+--------+--------+--------+-----+--------+

Top non-repeatable levels by time:
     D:1: 891 daAuts
     D:2: 763 daAuts
   Sewer: 434 daAuts
     D:3: 349 daAuts
